Map: Ultralove

Players

darknbroody

  • Race: Protoss Protoss
  • League: Diamond
  • Spawn Location: 1:00

wootwoot - Winner!

  • Race: Zerg Zerg
  • League: Diamond
  • Spawn Location: 7:00

VOD

Have the link to the VOD?

Description

Time

  • Played on: April 3, 2025, 12:08 a.m.
  • Length: 2:58
Show
View Real Time Build Order
Export as new Build Order

darknbroody Protoss 

Build Orders:  

Get SALT Encoding   

  12  0:00  Probe  
  13  0:12  Probe  
  14  0:20  Pylon  
  14  0:24  Probe  
  15  0:34  Probe  
  15  0:38  Gateway  
  15  0:42  Probe  
  16  0:48  Assimilator  
  17  1:03  Probe  
  18  1:15  Forge, Probe  
  19  1:27  Probe  
  19  1:28  Cybernetics Core  
  20  1:34  Pylon  
  20  1:42  Probe  
  21  1:49  Photon Cannon  
  21  1:51  Photon Cannon  
  21  2:01  Cybernetics Core  
  21  2:06  Pylon  
  21  2:17  Zealot  
Show
View Real Time Build Order
Export as new Build Order

wootwoot Zerg - Winner!

Build Orders: Pool Only 

Get SALT Encoding   

  12  0:18  Spawning Pool  
  11  0:21  Drone  
  11  0:26  Drone  
  13  0:30  Drone  
  14  0:40  Overlord  
  14  1:05  Zergling x2  
  14  1:06  Zergling x4  
  17  1:17  Zergling x2  
  18  1:28  Zergling x2  
  19  1:41  Zergling x2  
  19  2:25  Zergling x6  
Tags
 
Matchup
PvZ
Opening
Pool Only
Replay Pack
B2M-Replays
Spawn Locations
Cross Positions
Add a new tag
Caveats
  • Supply blocks, unpowered buildings, or Contaminate may cause inaccurate times.
  • Supply counts are checked every 10 seconds.